 Dungeon Crawl Stone Soup version 0.30-a0-165-g1891117ce2 (webtiles) character file.

Game seed: 2656616432278236559

1054 Flugkiller the Grappler (level 8, -1/74 HPs)
             Began as a Meteoran Chaos Knight on Sept 28, 2022.
             Was a Plaything of Xom.
             Slain by a bog mummy (10 damage)
             ... in an ossuary.
             The game lasted 00:05:21 (1255 turns).

Flugkiller the Grappler (Meteoran Chaos Knight)     Turns: 1255, Time: 00:05:21

Health: -1/74      AC:  5    Str: 15      XL:     8   Next: 80%
Magic:  9/9        EV: 11    Int: 13 (14) God:    Xom [......]
Gold:   69         SH:  0    Dex: 14      Spells: 7/7 levels left

rFire   . . .      SeeInvis .      - Unarmed
rCold   . . .      Faith    .    (no shield)
rNeg    . . .      Spirit   .    a - +2 leather armour
rPois   .          Reflect  .    (no helmet)
rElec   .          Harm     .    (no cloak)
rCorr   .          Rampage  .    (no gloves)
Will    +....                    (no boots)
Stlth   +.........               (no amulet)
HPRegen 0.22/turn                (no ring)
MPRegen 0.11/turn                (no ring)

@: glowing
A: sense surroundings 1, otherworldly, glowing, explore regen
a: Renounce Religion


You were in an ossuary.
You worshipped Xom.
You were a very special plaything of Xom.
You visited 1 branch of the dungeon, and saw 4 of its levels.
You also visited: Ossuary.

You collected 69 gold pieces.

Inventory:

Missiles
 g - 2 boomerangs
Armour
 a - a +2 leather armour (worn)
 c - a +0 plate armour
   (You found it on level 1 of the Dungeon)
 h - a +0 helmet
   (You found it on level 1 of the Dungeon)
 k - the +0 helmet of Kodadotz {Harm Str+2 Int-2}
   (You took it off Robin on level 2 of the Dungeon)

   Str:       It affects your strength (+2).
   Int:       It affects your intelligence (-2).
   Harm:      It increases damage dealt and taken.
Wands
 p - a wand of acid (1)
   (You took it off Ijyb on level 3 of the Dungeon)
Scrolls
 f - 3 scrolls of torment
 i - a scroll of magic mapping
 l - a scroll of noise {unknown}
 n - 2 scrolls of enchant armour {unknown}
 r - 2 scrolls of identify
 s - 4 scrolls of amnesia {unknown}
 t - 4 scrolls of teleportation
Potions
 d - a potion of might
 e - a potion of flight {unknown}
 j - a potion of magic
 m - 2 potions of attraction {unknown}
 o - 4 potions of haste {unknown}
 q - 3 potions of curing
Miscellaneous
 b - a piece from Xom's chessboard (15/15) (quivered)


   Skills:
 + Level 7.9 Fighting
 - Level 2.4 Armour
 - Level 1.2 Dodging
 + Level 8.9 Unarmed Combat


You had 7 spell levels left.
You didn't know any spells.
Your spell library contained the following spells:

 Spells                   Type           Power      Damage    Failure   Level
 Cigotuvi's Dreadful Rot  Necr/Pois/Air  0%         N/A       50%         2
 Ensorcelled Hibernation  Hex/Ice        0%         N/A       50%         2
 Passwall                 Tmut/Erth      0%         N/A       50%         2
 Poisonous Vapours        Pois/Air       0%         N/A       50%         2
 Swiftness                Air            0%         N/A       75%         3


Dungeon Overview and Level Annotations

Branches:
Dungeon (4/15) Zot: 1467   Temple (0/1) D:4         Ossuary (1/1) Zot: 321

Altars:
Kikubaaqudgha

Shops:
D:2 (


Innate Abilities, Weirdness & Mutations

You passively map a small area around you.
You are easily found by Zot.
You glow in the dark.
You regain HP and MP as you explore.


Message History

The bullfrog zombie is almost destroyed.
The bullfrog zombie hits you but does no damage.
You hit the bullfrog zombie.
The bullfrog zombie is almost destroyed.
The bullfrog zombie closely misses you.
You hit the bullfrog zombie but do no damage.
The bullfrog zombie is almost destroyed.
The bullfrog zombie hits you.
You barely miss the bullfrog zombie.
The bullfrog zombie is almost destroyed.
The bullfrog zombie hits you.
You enter the shallow water.
Moving in this stuff is going to be slow.
You open the door.
There is an open door here.
t - 2 scrolls of teleportation (gained 1)
t - 3 scrolls of teleportation (gained 1)
e - an inky potion
n - 2 scrolls labelled URUENW RUQAPLELE (gained 1)
r - a scroll labelled TAOW SIWEHUESI
q - 3 potions of curing (gained 1)
r - a scroll of identify;
s - a scroll labelled TAOW SIWEHUESI
s - 2 scrolls labelled TAOW SIWEHUESI (gained 1)
You see here a scroll labelled TAOW SIWEHUESI.
s - 3 scrolls labelled TAOW SIWEHUESI (gained 1)
You hit the howler monkey zombie.
The howler monkey zombie is lightly damaged.
You almost hear Xom's maniacal laughter.
A fancy cane briefly appears in your hand.
The howler monkey zombie hits you.
You hit the howler monkey zombie but do no damage.
The howler monkey zombie is lightly damaged.
You punch the howler monkey zombie!
The howler monkey zombie is heavily damaged.
The howler monkey zombie hits you but does no damage.
You punch the howler monkey zombie!
The howler monkey zombie is severely damaged.
The howler monkey zombie hits you but does no damage.
You barely miss the howler monkey zombie.
The howler monkey zombie is severely damaged.
The howler monkey zombie closely misses you.
You hit the howler monkey zombie but do no damage.
The howler monkey zombie is severely damaged.
The howler monkey zombie hits you.
You punch the howler monkey zombie!
You destroy the howler monkey zombie!
There is an open door here.
You enter the shallow water.
Moving in this stuff is going to be slow.
You enter the shallow water.
Moving in this stuff is going to be slow.
You enter the shallow water.
Moving in this stuff is going to be slow.
The bullfrog zombie hits you. The bullfrog zombie hits you.
The bullfrog zombie attacks as you move away!
The bullfrog zombie misses you.
The bullfrog zombie hits you but does no damage.
The bullfrog zombie hits you.
* * * LOW HITPOINT WARNING * * *
You enter the shallow water.
Moving in this stuff is going to be slow.
The bullfrog zombie hits you but does no damage.
You hit the bullfrog zombie.
You destroy the bullfrog zombie!
You enter the shallow water.
Moving in this stuff is going to be slow.
You enter the shallow water.
Moving in this stuff is going to be slow.
There is an open door here.
r - 2 scrolls of identify (gained 1)
o - 4 fuming black potions (gained 2)
f - 2 scrolls of torment (gained 1)
s - 4 scrolls labelled TAOW SIWEHUESI (gained 1)
m - 2 red potions (gained 1)
You see here a scroll of torment.
You see here a scroll of teleportation.
t - 4 scrolls of teleportation (gained 1)
You see here a scroll of torment.
f - 3 scrolls of torment (gained 1)
You hit the bog mummy but do no damage. The bog mummy hits you!
* * * LOW HITPOINT WARNING * * *
You barely miss the bog mummy. You hit the bog mummy.
The bog mummy is moderately damaged.
The bog mummy casts a spell at you. The puff of frost hits you!
* * * LOW HITPOINT WARNING * * *
You barely miss the bog mummy.
The bog mummy is moderately damaged.
That's the wrong kind of item! (Use * to select it.) Evoke which item? (* to show all) (? for menu, Esc to quit)
Okay, then.
Aiming: Corrosive Bolt
Press: ? - help, Shift-Dir - straight line, f - bog mummy
Aim: a bog mummy (moderately damaged, 86% to hit)
The bolt of acid hits the bog mummy.
The bog mummy is heavily damaged.
The bog mummy hits you!
You die...

≈#≈≈##~~##'##'##'##.###
#≈≈≈≈.~.#...#.#...#.'.#
≈##≈###~#...###.∩.#.###
**#≈≈~.+~#...#.#∩..#.'.#
# #~~#.#####~#####.###
##~.~M.~..~.~.....'.# *
#≈~~#~#####'#####M###
#≈≈.'.#...#.#...#Z'.# *
###≈#~#.@.###..M#.### *
#~.'.#.M.#.#...#ZZ.#
~#≈###~##'##'##'##.###
#≈≈.'~.~..........'.#
#≈≈#~~#'#~#'#'#'#'#'###
#*####.#.#.#.#.#.#.#
###############


You could see a bog mummy.

Vanquished Creatures
  A black bear (D:3)
  A scorpion (D:3)
  3 water moccasin zombies (Ossuary)
  6 bullfrog zombies (Ossuary)
  2 centaur zombies (Ossuary)
  An orc priest (D:3)
  Ijyb (D:3)
  An iguana (D:4)
  10 mummies (Ossuary)
  3 howler monkey zombies (Ossuary)
  Robin (D:2)
  2 adders (D:3)
  A worm (D:2)
  8 orcs (D:3)
  7 ball pythons
  6 bats
  5 endoplasms
  4 giant cockroaches
  10 goblins
  4 hobgoblins
  4 jackals (D:2)
  2 quokkas
  2 frilled lizards
  2 kobolds (D:2)
  4 rats
91 creatures vanquished.

Vanquished Creatures (collateral kills)
  A wyvern zombie (Ossuary)
  A centaur zombie (Ossuary)
  A mummy (Ossuary)
3 creatures vanquished.

Vanquished Creatures (others)
  6 withered plants (Ossuary)
6 creatures vanquished.

Grand Total: 100 creatures vanquished

Notes
Turn   | Place    | Note
-------+----------+-------------------------------------------
     0 | D:1      | Flugkiller the Meteoran Chaos Knight began the quest for
                  | the Orb.
     0 | D:1      | Reached XP level 1. HP: 19/19 MP: 2/2
    44 | D:1      | XOM: silly message
    76 | D:2      | Reached skill level 4 in Unarmed Combat
   133 | D:1      | Reached XP level 2. HP: 24/26 MP: 3/3
   282 | D:1      | Reached XP level 3. HP: 31/31 MP: 4/4
   365 | D:2      | Identified the +0 helmet of Kodadotz {Harm Str+2 Int-2}
   365 | D:2      | Noticed Robin
   392 | D:2      | Killed Robin
   393 | D:2      | Reached XP level 4. HP: 27/40 MP: 5/5
   536 | D:2      | Reached skill level 5 in Unarmed Combat
   542 | D:2      | Found Azivvy's Weapon Shoppe.
   559 | D:3      | Noticed Ijyb
   559 | D:3      | XOM: potion effect (curing)
   578 | D:3      | Killed Ijyb
   579 | D:3      | Reached XP level 5. HP: 27/47 MP: 6/6
   619 | D:3      | Noticed a black bear
   622 | D:3      | Killed a black bear
   623 | D:3      | Reached skill level 5 in Fighting
   623 | D:3      | Reached skill level 6 in Unarmed Combat
   623 | D:3      | Reached XP level 6. HP: 40/56 MP: 7/7
   732 | D:3      | Found an ancient bone altar of Kikubaaqudgha.
   779 | D:3      | Found a faded altar of an unknown god.
   857 | D:3      | Reached XP level 7. HP: 57/62 MP: 8/8
   905 | D:4      | Found a staircase to the Ecumenical Temple.
   947 | D:4      | Found a sand-covered staircase.
   956 | Ossuary  | Entered an ossuary
  1006 | Ossuary  | XOM: potion effect (haste)
  1010 | Ossuary  | XOM: potion effect (heal wounds)
  1021 | Ossuary  | Reached skill level 7 in Unarmed Combat
  1054 | Ossuary  | Reached XP level 8. HP: 66/71 MP: 9/9
  1067 | Ossuary  | XOM: confusion (+ monsters)
  1078 | Ossuary  | Reached skill level 8 in Unarmed Combat
  1096 | Ossuary  | XOM: cast spell 'Summon Cactus Giant'
  1151 | Ossuary  | XOM: 8-stop teleportation journey
  1160 | Ossuary  | XOM: stat loss: -1 Int (13/14)
  1210 | Ossuary  | XOM: silly message
  1255 | Ossuary  | Slain by a bog mummy

Illustrated notes

Levels and vault maps discovered:
D:1:      lemuel_arrival_broad_hall, layout_loops_cross
D:2:      layout_rooms, serial_shops, nicolae_square_shop,
          pf_guarded_unrand_delatra, uniq_robin
D:3:      layout_loops_ring, kiku_gazebo_pond_becter, basic_ecumenical_altar,
          uniq_ijyb
D:4:      layout_layer_cave, nemelex_xobeh_ov_fountains_minmay,
          lemuel_crystal_altar, chequers_temple_overflow_minitemple,
          minmay_temple_entry_statues_fountains, enter_ossuary_4, uniq_grinder
Ossuary:  ossuary_zaba_flooded

Skill      XL: |  1  2  3  4  5  6  7  8 |
---------------+-------------------------+-----
Unarmed Combat | 4 5 6 7 8 |  8.9
Fighting       | 4 5 6 7 |  7.9
Armour         | |  2.4
Dodging        | |  1.2

Action                   |  1- 3 |  4- 6 |  7- 9 || total
-------------------------+-------+-------+-------++-------
Melee: Unarmed           |   121 |   115 |   133 ||   369
       Punch             |     4 |       |     6 ||    10
Evoke: Wand              |       |       |     1 ||     1
  Use: Potion            |       |     1 |     1 ||     2
       Scroll            |       |     5 |       ||     5
Armor: Leather armour    |    86 |    42 |    25 ||   153
Dodge: Dodged            |    69 |    65 |    40 ||   174

Table legend: (Time is in decaauts)
 A = Elapsed time spent in this place.
 B = Non-inter-level travel time spent in this place.
 C = Inter-level travel time spent in this place.
 D = Time resting spent in this place.
 E = Time spent auto-exploring this place.
 F = Levels seen in this place.
 G = Mean time per level.
                   A        B        C        D        E       F      G
               +--------+--------+--------+--------+--------+-----+--------+
         Total |   1210 |   1210 |      0 |      0 |      0 |   5 |  242.0 |
       Dungeon |    932 |    932 |      0 |      0 |      0 |   4 |  233.0 |
       Ossuary |    277 |    277 |      0 |      0 |      0 |   1 |  277.0 |
               +--------+--------+--------+--------+--------+-----+--------+

Top non-repeatable levels by time:
     D:3: 321 daAuts
     D:2: 282 daAuts
 Ossuary: 277 daAuts
     D:1: 263 daAuts
     D:4: 64 daAuts
